TOP OF THE 1ST |
Mancelona Torch batting - Pitching for Idaho Falls Chukars : RHP Nicolaas Eland
|
Pitching: RHP Nicolaas Eland
|
|
Batting: RHB Thinley Tshering
|
0-0: Ball 1-0: Foul Ball, location: 2F 1-1: Ball 2-1: Foul Ball, location: 2F 2-2: Ball 3-2: Strikes out swinging
|
Batting: RHB Ken Joyner
|
0-0: Ball 1-0: Foul Ball, location: 2F 1-1: Ball 2-1: Swinging Strike 2-2: Ground out 3-1 (Groundball, 34, EV 80.0 MPH)
|
Batting: SHB Silvio Capitanio
|
0-0: Foul Ball, location: 2F 0-1: Ball 1-1: Ground out 4-3 (Groundball, 4, EV 81.2 MPH)
|
Top of the 1st over - 0 runs, 0 hits, 0 errors, 0 left on base; Mancelona 0 - Idaho Falls 0 |
BOTTOM OF THE 1ST |
Idaho Falls Chukars batting - Pitching for Mancelona Torch : LHP Kenzaburo Hakui
|
Pitching: LHP Kenzaburo Hakui
|
|
Batting: LHB Doyle Berkey
|
0-0: Called Strike 0-1: Called Strike 0-2: Strikes out swinging
|
Batting: RHB César Vélez
|
0-0: Ground out 5-3 (Groundball, 56S, EV 80.6 MPH)
|
Batting: RHB Vinnie Nuyten
|
0-0: Ball 1-0: Called Strike 1-1: Fly out, F9 (Flyball, 9LS, EV 90.0 MPH)
|
Bottom of the 1st over - 0 runs, 0 hits, 0 errors, 0 left on base; Mancelona 0 - Idaho Falls 0 |
TOP OF THE 2ND |
Mancelona Torch batting - Pitching for Idaho Falls Chukars : RHP Nicolaas Eland
|
Batting: LHB Diego Alejandro Ureña
|
0-0: Ball 1-0: Swinging Strike 1-1: Foul Ball, location: 2F 1-2: Foul Ball, location: 2F 1-2: Foul Ball, location: 2F 1-2: Strikes out swinging
|
Batting: RHB Cam Lumsden
|
0-0: Called Strike 0-1: Ball 1-1: SINGLE (Line Drive, 8RS, EV 110.6 MPH)
|
Batting: LHB Jared Schneider
|
0-0: Called Strike 0-1: SINGLE (Line Drive, 9S, EV 101.2 MPH) Cam Lumsden to second
|
Batting: RHB Cristóbal Arroyo
|
0-0: Called Strike 0-1: Ball 1-1: Ball 2-1: Fly out, F8 (Line Drive, 8RD, EV 92.5 MPH) Runner from 2nd tags up, SAFE at 3rd with throw by CF
|
Batting: RHB Tristan Powell
|
0-0: Called Strike 0-1: Fly out, F5 (Popup, 56S, EV 83.8 MPH)
|
Top of the 2nd over - 0 runs, 2 hits, 0 errors, 2 left on base; Mancelona 0 - Idaho Falls 0 |
BOTTOM OF THE 2ND |
Idaho Falls Chukars batting - Pitching for Mancelona Torch : LHP Kenzaburo Hakui
|
Batting: RHB Richard Forrest
|
0-0: Ground out 6-3 (Groundball, 6S, EV 83.8 MPH)
|
Batting: LHB Ronald Lithgoe
|
0-0: Foul Ball, location: 2F 0-1: Ball 1-1: Called Strike 1-2: Ball 2-2: SINGLE (Groundball, 34D, EV 105.6 MPH)
|
Batting: RHB Kel Warren
|
0-0: Ball 1-0: Ball 2-0: Called Strike 2-1: Called Strike 2-2: Strikes out swinging
|
Batting: RHB Poom Saksansin
|
0-0: Called Strike 0-1: Swinging Strike 0-2: Strikes out swinging
|
Bottom of the 2nd over - 0 runs, 1 hit, 0 errors, 1 left on base; Mancelona 0 - Idaho Falls 0 |
TOP OF THE 3RD |
Mancelona Torch batting - Pitching for Idaho Falls Chukars : RHP Nicolaas Eland
|
Batting: RHB Izaak Gerkis
|
0-0: Foul Ball, location: 2F 0-1: Ground out 5-3 (Groundball, 56, EV 86.9 MPH)
|
Batting: RHB Thinley Tshering
|
0-0: Called Strike 0-1: Ball 1-1: Foul Ball, location: 2F 1-2: Foul Ball, location: 2F 1-2: Ball 2-2: Foul Ball, location: 2F 2-2: Foul Ball, location: 2F 2-2: Ball 3-2: Foul Ball, location: 2F 3-2: Foul Ball, location: 2F 3-2: Base on Balls
|
Batting: RHB Ken Joyner
|
0-0: Ball 1-0: Fielders Choice at 2nd, 5-4 (Groundball, 56S, EV 81.2 MPH)
|
Batting: SHB Silvio Capitanio
|
0-0: Ball 1-0: Called Strike 1-1: Ball 2-1: Called Strike Ken Joyner is caught stealing 2nd base 2-6
|
Top of the 3rd over - 0 runs, 0 hits, 0 errors, 0 left on base; Mancelona 0 - Idaho Falls 0 |
BOTTOM OF THE 3RD |
Idaho Falls Chukars batting - Pitching for Mancelona Torch : LHP Kenzaburo Hakui
|
Batting: SHB Oscar Henson
|
0-0: Ball 1-0: Called Strike 1-1: Bunted foul 1-2: Foul Ball, location: 2F 1-2: Ball 2-2: Ball 3-2: Strikes out swinging
|
Batting: SHB Joe Middleton
|
0-0: Called Strike 0-1: Ball 1-1: Swinging Strike 1-2: Strikes out swinging
|
Batting: LHB Doyle Berkey
|
0-0: Foul Ball, location: 2F 0-1: Foul Ball, location: 2F 0-2: Foul Ball, location: 2F 0-2: Ball 1-2: Ball 2-2: Ground out 6-3 (Groundball, 56, EV 103.1 MPH)
|
Bottom of the 3rd over - 0 runs, 0 hits, 0 errors, 0 left on base; Mancelona 0 - Idaho Falls 0 |
TOP OF THE 4TH |
Mancelona Torch batting - Pitching for Idaho Falls Chukars : RHP Nicolaas Eland
|
Batting: SHB Silvio Capitanio
|
0-0: Ball 1-0: Ball 2-0: Ball 3-0: Base on Balls
|
Batting: LHB Diego Alejandro Ureña
|
0-0: Foul Ball, location: 2F 0-1: Fly out, F7 (Flyball, 78S, EV 90.0 MPH)
|
Batting: RHB Cam Lumsden
|
0-0: Ball 1-0: Ball 2-0: Foul Ball, location: 2F 2-1: Grounds into double play, 5-4-3 (Groundball, 5, EV 87.5 MPH)
|
Top of the 4th over - 0 runs, 0 hits, 0 errors, 0 left on base; Mancelona 0 - Idaho Falls 0 |
BOTTOM OF THE 4TH |
Idaho Falls Chukars batting - Pitching for Mancelona Torch : LHP Kenzaburo Hakui
|
Batting: RHB César Vélez
|
0-0: Foul Ball, location: 2F 0-1: Fly out, F9 (Flyball, 9S, EV 81.9 MPH)
|
Batting: RHB Vinnie Nuyten
|
0-0: Foul Ball, location: 2F 0-1: SINGLE (Line Drive, 8LS, EV 89.4 MPH)
|
Batting: RHB Richard Forrest
|
0-0: Ball 1-0: Called Strike 1-1: Fly out, F8 (Flyball, 8LD, EV 80.0 MPH)
|
Batting: LHB Ronald Lithgoe
|
0-0: Swinging Strike 0-1: Called Strike 0-2: Foul Ball, location: 2F 0-2: Strikes out swinging
|
Bottom of the 4th over - 0 runs, 1 hit, 0 errors, 1 left on base; Mancelona 0 - Idaho Falls 0 |
TOP OF THE 5TH |
Mancelona Torch batting - Pitching for Idaho Falls Chukars : RHP Nicolaas Eland
|
Batting: LHB Jared Schneider
|
0-0: Ball 1-0: Ball 2-0: Fly out, F8 (Flyball, 8LXD, EV 76.9 MPH)
|
Batting: RHB Cristóbal Arroyo
|
0-0: Swinging Strike 0-1: Ball 1-1: DOUBLE (Line Drive, 78D, EV 96.9 MPH)
|
Batting: RHB Tristan Powell
|
0-0: Intentional Walk
|
Batting: RHB Izaak Gerkis
|
0-0: Swinging Strike 0-1: Ball 1-1: Fly out, F9 (Flyball, 89M, EV 88.1 MPH) Runner from 2nd tags up, SAFE at 3rd with throw by RF
|
Batting: RHB Thinley Tshering
|
0-0: Ball 1-0: Swinging Strike 1-1: Ball 2-1: Ball 3-1: Base on Balls Tristan Powell to second
|
Batting: RHB Ken Joyner
|
0-0: Foul Ball, location: 2F 0-1: Swinging Strike 0-2: Ball 1-2: Foul Ball, location: 2F 1-2: Ball Wild Pitch! Cristóbal Arroyo scores Tristan Powell to third Thinley Tshering to second 2-2: Strikes out swinging
|
Top of the 5th over - 1 run, 1 hit, 0 errors, 2 left on base; Mancelona 1 - Idaho Falls 0 |
BOTTOM OF THE 5TH |
Idaho Falls Chukars batting - Pitching for Mancelona Torch : LHP Kenzaburo Hakui
|
Batting: RHB Kel Warren
|
0-0: Ball 1-0: Ball 2-0: Ball 3-0: Called Strike 3-1: Fly out, F7 (Line Drive, 7D, EV 86.9 MPH)
|
Batting: RHB Poom Saksansin
|
0-0: Fly out, F9 (Flyball, 89M, EV 80.0 MPH)
|
Batting: SHB Oscar Henson
|
0-0: Ball 1-0: Ball 2-0: Swinging Strike 2-1: Swinging Strike 2-2: Ball 3-2: Strikes out swinging
|
Bottom of the 5th over - 0 runs, 0 hits, 0 errors, 0 left on base; Mancelona 1 - Idaho Falls 0 |
TOP OF THE 6TH |
Mancelona Torch batting - Pitching for Idaho Falls Chukars : RHP Nicolaas Eland
|
Batting: SHB Silvio Capitanio
|
0-0: Foul Ball, location: 2F 0-1: Foul Ball, location: 2F 0-2: Foul Ball, location: 2F 0-2: Ball 1-2: Foul Ball, location: 2F 1-2: SINGLE (Groundball, 4MD, EV 98.1 MPH)
|
Batting: LHB Diego Alejandro Ureña
|
0-0: Called Strike 0-1: Ball 1-1: Grounds into double play, 4-6-3 (Groundball, 34, EV 90.6 MPH)
|
Batting: RHB Cam Lumsden
|
0-0: Ball 1-0: Called Strike 1-1: Swinging Strike 1-2: Strikes out swinging
|
Top of the 6th over - 0 runs, 1 hit, 0 errors, 0 left on base; Mancelona 1 - Idaho Falls 0 |
BOTTOM OF THE 6TH |
Idaho Falls Chukars batting - Pitching for Mancelona Torch : LHP Kenzaburo Hakui
|
Batting: SHB Joe Middleton
|
0-0: Foul Ball, location: 2F 0-1: Called Strike 0-2: Foul Ball, location: 2F 0-2: Ball 1-2: Ball 2-2: Fly out, F8 (Flyball, 8RXD, EV 93.8 MPH)
|
Batting: LHB Doyle Berkey
|
0-0: Ball 1-0: Foul Ball, location: 2F 1-1: Called Strike 1-2: Strikes out swinging
|
Batting: RHB César Vélez
|
0-0: Ball 1-0: Ball 2-0: Called Strike 2-1: Ball 3-1: Base on Balls
|
Batting: RHB Vinnie Nuyten
|
0-0: Called Strike 0-1: Foul Ball, location: 2F 0-2: Ground out 1-3 (Groundball, P, EV 67.5 MPH)
|
Bottom of the 6th over - 0 runs, 0 hits, 0 errors, 1 left on base; Mancelona 1 - Idaho Falls 0 |
TOP OF THE 7TH |
Mancelona Torch batting - Pitching for Idaho Falls Chukars : RHP Nicolaas Eland
|
Batting: LHB Jared Schneider
|
0-0: Called Strike 0-1: Ball 1-1: Fly out, F8 (Flyball, 8RS, EV 87.5 MPH)
|
Batting: RHB Cristóbal Arroyo
|
0-0: Ball 1-0: Ball 2-0: Swinging Strike 2-1: Swinging Strike 2-2: Ball 3-2: Foul Ball, location: 2F 3-2: Strikes out swinging
|
Batting: RHB Tristan Powell
|
0-0: Ball 1-0: Ball 2-0: Ball 3-0: Base on Balls
|
Batting: RHB Izaak Gerkis
|
0-0: Called Strike 0-1: Ball 1-1: Fly out, F9 (Flyball, 89D, EV 97.5 MPH)
|
Top of the 7th over - 0 runs, 0 hits, 0 errors, 1 left on base; Mancelona 1 - Idaho Falls 0 |
BOTTOM OF THE 7TH |
Idaho Falls Chukars batting - Pitching for Mancelona Torch : LHP Kenzaburo Hakui
|
Batting: RHB Richard Forrest
|
0-0: Called Strike 0-1: Foul Ball, location: 2F 0-2: Strikes out looking
|
Batting: LHB Ronald Lithgoe
|
0-0: SINGLE (Line Drive, 34D, EV 95.6 MPH)
|
Batting: RHB Kel Warren
|
0-0: Called Strike 0-1: Ball 1-1: 2-RUN HOME RUN (Line Drive, 7D, EV 95.0 MPH), Distance : 407 ft
|
Batting: RHB Poom Saksansin
|
0-0: Ball 1-0: Ground out 4-3 (Groundball, 34, EV 105.6 MPH)
|
Batting: SHB Oscar Henson
|
0-0: Called Strike 0-1: Fly out, F8 (Line Drive, 8RD, EV 97.5 MPH)
|
Bottom of the 7th over - 2 runs, 2 hits, 0 errors, 0 left on base; Mancelona 1 - Idaho Falls 2 |
TOP OF THE 8TH |
Mancelona Torch batting - Pitching for Idaho Falls Chukars : RHP Nicolaas Eland
|
Pitching: RHP Muoi Hoan
|
|
Batting: RHB Thinley Tshering
|
0-0: Ball 1-0: Ball 2-0: Foul Ball, location: 2F 2-1: Foul Ball, location: 2F 2-2: Ball 3-2: Foul Ball, location: 2F 3-2: Fly out, F3 (Line Drive, 3L, EV 84.4 MPH)
|
Batting: RHB Ken Joyner
|
0-0: Ball 1-0: Called Strike 1-1: Called Strike 1-2: Strikes out swinging
|
Batting: SHB Silvio Capitanio
|
0-0: Ball 1-0: Called Strike 1-1: Ball 2-1: Swinging Strike 2-2: Foul Ball, location: 2F 2-2: Strikes out looking
|
Top of the 8th over - 0 runs, 0 hits, 0 errors, 0 left on base; Mancelona 1 - Idaho Falls 2 |
BOTTOM OF THE 8TH |
Idaho Falls Chukars batting - Pitching for Mancelona Torch : LHP Kenzaburo Hakui
|
Batting: SHB Joe Middleton
|
0-0: Ball 1-0: Called Strike 1-1: Ball 2-1: Foul Ball, location: 2F 2-2: Strikes out swinging
|
Batting: LHB Doyle Berkey
|
0-0: Ball 1-0: Ball 2-0: Ball 3-0: Base on Balls
|
Batting: RHB César Vélez
|
0-0: Ball 1-0: Ball 2-0: DOUBLE (Line Drive, 7LS, EV 97.5 MPH) Doyle Berkey to third
|
Pitching: LHP Diyaa Ababneh
|
|
Batting: RHB Vinnie Nuyten
|
0-0: Ball 1-0: Called Strike 1-1: Ball 2-1: Foul Ball, location: 2F 2-2: Fly out, F7 (Flyball, 78D, EV 78.8 MPH) Runner from 3rd tags up, OUT at HOME! 7-2
|
Bottom of the 8th over - 0 runs, 1 hit, 0 errors, 1 left on base; Mancelona 1 - Idaho Falls 2 |
TOP OF THE 9TH |
Mancelona Torch batting - Pitching for Idaho Falls Chukars : RHP Muoi Hoan
|
Pitching: RHP Gary Podell
|
|
Batting: LHB Diego Alejandro Ureña
|
0-0: Called Strike 0-1: Swinging Strike 0-2: DOUBLE (Flyball, 8LXD, EV 85.0 MPH)
|
Batting: RHB Cam Lumsden
|
0-0: Ball 1-0: Ball 2-0: Called Strike 2-1: Fly out, F4 (Popup, 34, EV 63.1 MPH)
|
Batting: LHB Jared Schneider
|
0-0: Ball 1-0: Called Strike 1-1: Swinging Strike 1-2: Ball 2-2: Ball 3-2: Strikes out swinging
|
Batting: RHB Cristóbal Arroyo
|
0-0: Called Strike 0-1: Swinging Strike 0-2: Ball 1-2: Fly out, F7 (Line Drive, 7D, EV 92.5 MPH)
|
Top of the 9th over - 0 runs, 1 hit, 0 errors, 1 left on base; Mancelona 1 - Idaho Falls 2 |
|